 Dungeon Crawl Stone Soup version 0.19.1-28-ge1247f7 (webtiles) character file.

21 Macro the Shield-Bearer (level 2, 0/23 HPs)
             Began as a Vampire Fighter on Jan 21, 2017.
             Slain by a goblin
             ... wielding a +0 club
             ... led by Robin
              (3 damage)
             ... on level 1 of the Dungeon.
             The game lasted 00:03:29 (750 turns).

Macro the Shield-Bearer (Vampire Fighter)            Turns: 750, Time: 00:03:29

Health: 0/23       AC:  6    Str: 15    XL:     2   Next: 65%
Magic:  2/2        EV:  6    Int: 10    God:
Gold:   44         SH:  8    Dex: 13    Spells: 0 memorised, 1 level left

rFire  . . .     SeeInvis +     a - +0 rapier
rCold  . . .     Gourm    .     b - +0 scale mail
rNeg   + . .     Faith    .     c - +0 shield
rPois  .         Spirit   .     (no helmet)
rElec  .         Reflect  .     (no cloak)
rCorr  .         Harm     .     (no gloves)
MR     .....                    (no boots)
Stlth  ..........               (no amulet)
                                (no ring)
                                (no ring)

@: no status effects
A: fangs 3, see invisible, unbreathing
a: no special abilities


You were on level 1 of the Dungeon.
You were not thirsty.

You visited 1 branch of the dungeon, and saw 2 of its levels.

You collected 44 gold pieces.

Inventory:

Hand Weapons
 a - a +0 rapier (weapon)
Armour
 b - a +0 scale mail (worn)
 c - a +0 shield (worn)
Wands
 n - a wand of polymorph (9/24)
Scrolls
 g - a scroll of magic mapping {unknown}
 j - a scroll of immolation {unknown}
 k - 2 scrolls of teleportation {unknown}
 l - a scroll of amnesia {unknown}
 m - a scroll of remove curse {unknown}
Potions
 d - a potion of might
 e - 7 potions of blood
 f - 2 potions of heal wounds {unknown}
 h - a potion of agility {unknown}
 i - a potion of degeneration {unknown}


   Skills:
 + Level 2.8 Fighting
 + Level 2.5 Short Blades
 + Level 2.7 Armour
 + Level 3.0 Shields


You had one spell level left.
You didn't know any spells.

Dungeon Overview and Level Annotations

Branches:
Dungeon (2/15)

Altars:

Annotations:
D:2 Robin


Innate Abilities, Weirdness & Mutations

You have razor-sharp teeth.
You have supernaturally acute eyesight. (SInv)
You can survive without breathing.


Message History

* * * LOW HITPOINT WARNING * * *
The goblin closely misses you.
Your shield and scale mail prevent you from hitting the goblin.
You bite the goblin.
You kill the goblin!
The goblin no longer looks unusually strong.
The goblin hits you with a club.
* * * LOW HITPOINT WARNING * * *
The goblin hits you but does no damage.
You see here a club.
You block the goblin's attack. Robin throws the goblin at you!
* * * LOW HITPOINT WARNING * * *
There is a stone staircase leading up here.
The goblin hits you but does no damage. The goblin closely misses you.
You block the goblin's attack.
You climb upwards.
There is a stone staircase leading down here.
Okay, then.
The goblin hits you but does no damage. The goblin hits you with a club.
You die...

...........####.............(....
###........# #....#######.......
###......# #....# #......#
#........# #....# #......#
#........####....# #......#
#....#####.......# #......#
#....# #....>.########......#
###....# #...gg.# #....#.....##
.......# #....@g# #....#####.##
%......#####......# #.....#≈§≈.≈§
...........#......# #.....+.≈≈≈§≈
###........#......###....##≈.....
#####...................#§≈.<.≈
####............###.#≈.....
#...####.....# #.'.§≈≈≈≈
##########...# #.....# ###≈≈§.≈≈
........##...# ###)..# ####.##


You could see 3 goblins.

Vanquished Creatures
  A dart slug (D:1)
  A leopard gecko (D:1)
  A giant cockroach (D:1)
  5 goblins
  3 hobgoblins
  A bat (D:1)
  2 kobolds (D:1)
  4 rats
18 creatures vanquished.

Notes
Turn   | Place    | Note
-------+----------+-------------------------------------------
     0 | D:1      | Macro the Vampire Fighter began the quest for the Orb.
     0 | D:1      | Reached XP level 1. HP: 17/17 MP: 1/1
   307 | D:1      | Reached XP level 2. HP: 16/23 MP: 2/2
   727 | D:2      | Noticed Robin
   742 | D:2      | Reached skill level 3 in Shields
   750 | D:1      | Slain by a goblin

Skill      XL: |  1  2 |
---------------+-------+-----
Shields        | 3 |  3.0
Fighting       | |  2.8
Short Blades   | |  2.5
Armour         | |  2.7

Action                   || total
-------------------------++-------
Melee: Rapier            ||    47
       Bite              ||     5
  Use: Potion            ||     1
  Eat: Corpse            ||     1
Armor: Scale mail        ||    17
Dodge: Dodged            ||    18
Block: Shield            ||    19
